 Dungeon Crawl Stone Soup version 0.27.1-1-g398f81649c (webtiles) character file.

Game seed: 2954939854709704573

91 Rickety the Sneak (level 4, -3/21 HPs)
             Began as a Spriggan Enchanter on Sept 8, 2021.
             Slain by an orc (4 damage)
             ... on level 3 of the Dungeon.
             The game lasted 00:08:01 (4239 turns).

Rickety the Sneak (Spriggan Enchanter)              Turns: 4239, Time: 00:08:02

Health: -3/21      AC:  2    Str:  4    XL:     4   Next: 33%
Magic:  6/9        EV: 17    Int: 16    God:
Gold:   66         SH:  0    Dex: 16    Spells: 5/8 levels left

rFire    . . .     SeeInvis +   a - +1 dagger
rCold    . . .     Faith    .   (shield restricted)
rNeg     . . .     Spirit   .   b - +0 robe
rPois    .         Reflect  .   (helmet restricted)
rElec    .         Harm     .   (no cloak)
rCorr    .         Rampage  .   (gloves unavailable)
Will     .....                  (boots unavailable)
Stlth    ++........             (no amulet)
HPRegen  0.07/turn              (no ring)
MPRegen  0.11/turn              (no ring)

@: confused, hasted, very quick
A: very small, no large weapons, unfitting armour, see invisible, speed 3
a: no special abilities


You were on level 3 of the Dungeon.
You visited 1 branch of the dungeon, and saw 3 of its levels.

You collected 66 gold pieces.

Inventory:

Hand Weapons
 a - a +1 dagger (weapon)
Missiles
 d - 7 atropa-tipped darts
 n - 17 poisoned darts
Armour
 b - a +0 robe (worn)
 f - a +2 buckler
Magical Staves
 k - a staff of poison
Wands
 g - a wand of polymorph (9)
Scrolls
 e - a scroll of summoning {unknown}
 h - a scroll of brand weapon {unknown}
 j - a scroll of identify {unknown}
 l - a scroll of teleportation {unknown}
 m - a scroll of magic mapping {unknown}


   Skills:
 + Level 0.4 Fighting
 - Level 1.1 Short Blades
 - Level 2.6 Dodging
 * Level 7.9 Stealth
 - Level 2.6 Spellcasting
 - Level 3.6 Hexes


You had 5 spell levels left.
You knew the following spells:

 Your Spells              Type           Power      Damage    Failure   Level
a - Corona                Hex            14%        N/A       4%          1
b - Ensorcelled Hibernat  Hex/Ice        14%        N/A       14%         2

Your spell library contained the following spells:

 Spells                   Type           Power      Damage    Failure   Level
 Confusing Touch          Hex            13%        N/A       13%         3
 Tukima's Dance           Hex            13%        N/A       13%         3
 Dazzling Flash           Conj/Hex       14%        N/A       28%         3


Dungeon Overview and Level Annotations

Branches:
Dungeon (3/15)

Altars:
Cheibriados

Annotations:
D:3 Sigmund


Innate Abilities, Weirdness & Mutations

You are very small and have problems with some larger weapons.
You are too small for most types of armour.
You have supernaturally acute eyesight. (SInv)
You cover ground extremely quickly. (Speed+++)


Message History

The orc is lightly wounded.
The orc wizard barely misses you.
You hit the orc but do no damage. The orc barely misses you.
The orc closely misses you. The bat hits you but does no damage.
The orc hits you with a +0 war axe!
Sigmund flickers, as though insubstantial.
Sigmund mumbles some strange words.
Sigmund flickers and vanishes for a moment.
The orc wizard points at you and mumbles some strange words.
You easily resist.
The orc hits you with a +0 flail.
An orc wizard comes into view. It is wielding a +0 dagger.
You are too confused!
It was a potion of heal wounds.
You feel much better. The bat barely misses you. The bat hits you.
The orc barely misses you. The orc closely misses you.
The orc hits you with a +0 war axe! The orc completely misses you.
The orc wizard hits you with a +0 dagger.
The orc barely misses you.
The orc wizard gestures wildly while chanting.
The orc wizard flickers and vanishes for a moment.
It was a potion of haste.
You feel yourself speed up. The bat misses you. The orc closely misses you.
The orc completely misses you. The orc hits you with a +0 war axe.
* * * LOW HITPOINT WARNING * * *
The orc closely misses you. The orc wizard closely misses you.
The orc misses you.
You are too confused!
You barely miss the bat. The bat barely misses you.
The bat hits you but does no damage. The ball python bites you.
* * * LOW HITPOINT WARNING * * *
The ball python closely misses you. The orc closely misses you. x2
The orc barely misses you. Sigmund completely misses you. The orc misses you.
The orc wizard misses you.
Your magical contamination has completely faded away.
You completely miss the orc.
The orc is lightly wounded.
The bat closely misses you. The orc hits you but does no damage.
The ball python barely misses you. The ball python misses you.
The orc hits you with a +0 hand axe.
You die...

..........................
.###############..........
.# #.......... .#
#.......... .######
#######.......... ........
................. .######.
................. ......#
......obS........ [.)...#
......o@o........ ..
......# ......ooo........
...
......#...........@......
....
###.###..................
....
#.....................
....
###.###.........o.......
....
...........#####........
.... ...........#
#......^. ....
..รทรท.......# ... ....


You could see Sigmund (invisible), 2 orc wizards, 5 orcs, a bat and a ball
python.

Vanquished Creatures
  3 adders (D:2)
  A worm (D:2)
  A dart slug (D:2)
  3 orcs
  3 ball pythons
  2 endoplasms
  A giant cockroach (D:2)
  7 goblins
  5 hobgoblins
  6 jackals (D:2)
  3 quokkas
  8 bats
  6 frilled lizards
  7 rats
56 creatures vanquished.

Notes
Turn   | Place    | Note
-------+----------+-------------------------------------------
     0 | D:1      | Rickety the Spriggan Enchanter began the quest for the Orb.
     0 | D:1      | Reached XP level 1. HP: 9/9 MP: 5/5
   541 | D:1      | Reached skill level 5 in Stealth
   708 | D:1      | Reached XP level 2. HP: 10/13 MP: 4/6
  1162 | D:1      | Found a faded altar of an unknown god.
  1250 | D:1      | Learned a level 2 spell: Ensorcelled Hibernation
  1560 | D:2      | Reached skill level 6 in Stealth
  1801 | D:2      | Reached XP level 3. HP: 13/16 MP: 8/8
  2578 | D:2      | Found a snail-covered altar of Cheibriados.
  2730 | D:2      | Reached skill level 7 in Stealth
  2895 | D:2      | Reached XP level 4. HP: 21/21 MP: 4/9
  3490 | D:3      | Noticed Sigmund
  4238 | D:3      | HP: 1/21 [ball python (1)]
  4239 | D:3      | Slain by an orc

Illustrated notes

Levels and vault maps discovered:
D:1:      zelgadis_glass_arrival_small, layout_basic,
          shapermc_ecumenical_altar_acropolis, minmay_unequal
D:2:      layout_basic, basic_altar, minmay_cupped
D:3:      layout_basic, doesnt_xom_only_xom, uniq_sigmund

Skill      XL: |  1  2  3 |
---------------+----------+-----
Stealth        | 5 6 7 |  7.9
Fighting       | |  0.4
Short Blades   | |  1.1
Dodging        | |  2.6
Spellcasting   | |  2.6
Hexes          | |  3.6

Action                   |  1- 3 |  4- 6 || total
-------------------------+-------+-------++-------
Melee: Dagger            |   139 |    67 ||   206
 Cast: Corona            |    13 |     4 ||    17
       Ensorcelled Hiber |    10 |    14 ||    24
  Use: Potion            |       |     2 ||     2
 Stab: Sleeping          |    12 |     9 ||    21
       Distracted        |     4 |       ||     4
Armor: Robe              |    14 |    10 ||    24
Dodge: Dodged            |   107 |    91 ||   198
